 Dungeon Crawl Stone Soup version 0.31.0-11-ge490571c62 (webtiles) character file.

Game seed: 13821972149785762954

26 Arctor the Magician (level 2, -2/15 HPs)
             Began as a Deep Elf Air Elementalist on Jan 30, 2024.
             Slain by a ribbon worm (4 damage)
             ... on level 2 of the Dungeon.
             The game lasted 00:01:22 (1197 turns).

Arctor the Magician (Deep Elf Air Elementalist)     Turns: 1197, Time: 00:01:23

Health: -2/15      AC:  2    Str:  5    XL:     2   Next: 89%
Magic:  2/8        EV: 13    Int: 19    God:
Gold:   99         SH:  0    Dex: 15    Spells: 6/7 levels left

rFire   . . .        (no weapon)
rCold   . . .        (no shield)
rNeg    . . .        a - +0 robe
rPois   .            (no helmet)
rElec   .            (no cloak)
rCorr   .            (no gloves)
SInv    .            (no boots)
Will    .....        (no amulet)
Stlth   ++           (no ring)
HPRegen 0.22/turn    (no ring)
MPRegen 0.11/turn

%: no passive effects
@: no status effects
A: no striking features
a: no special abilities


You were on level 2 of the Dungeon.
You visited 1 branch of the dungeon, and saw 2 of its levels.

You collected 99 gold pieces.

Inventory:

Hand Weapons
 k - a +0 dagger
Armour
 a - a +0 robe (worn)
 m - a +0 pair of boots
Scrolls
 c - a scroll of enchant armour {unknown}
 d - 3 scrolls of identify {unknown}
 f - 2 scrolls of immolation {unknown}
 g - 2 scrolls of teleportation {unknown}
 i - a scroll of poison {unknown}
Potions
 b - a potion of magic
 e - a potion of might {unknown}
 h - a potion of brilliance {unknown}
 j - a potion of enlightenment {unknown}
 l - 2 potions of ambrosia {unknown}


   Skills:
 + Level 2.8 Dodging
 + Level 2.9 Stealth
 + Level 3.4 Spellcasting
 + Level 1.7 Conjurations
 + Level 3.2 Air Magic


You had 6 spell levels left.
You knew the following spells:

 Your Spells              Type           Power      Damage    Failure   Level
a - Shock                 Conj/Air       48%        1d6       5%          1

Your spell library contained the following spells:

 Spells                   Type           Power      Damage    Failure   Level
 Static Discharge         Conj/Air       24%        3-4/arc   8%          2
 Swiftness                Air            15%        N/A       12%         3
 Ensorcelled Hibernation  Hex/Ice        6%         N/A       22%         2
 Airstrike                Air            7%         2d(2-18)  36%         4
 Passwall                 Erth           3%         N/A       41%         3


Dungeon Overview and Level Annotations

Branches:
Dungeon (2/15)

Altars:


Message History

You are too injured to fight recklessly!
You are too injured to fight recklessly!
You see here a hobgoblin corpse.
There is an open door here.
Things that are here:
2 stones; a kobold corpse The ribbon worm expels a string of sticky webbing.
The stream of webbing hits you but does no damage.
You are caught in a web!
There is a web here.
You struggle to detach yourself from the web.
You struggle to detach yourself from the web.
The web tears apart.
The ribbon worm expels a string of sticky webbing.
The stream of webbing misses you.
Casting: Shock (safe; 5% risk of failure)
Confirm with . or Enter, or press ? or * to list all spells.
Aiming: Shock (safe; 5% risk of failure)
Press: ? - help, Shift-Dir - straight line, f/p - ribbon worm
Aim: a ribbon worm (moderately wounded, catching its breath, 89% to hit)
The zap hits the ribbon worm.
The ribbon worm is moderately wounded.
Found a blue potion.
You see here a +0 pair of boots.
m - a +0 pair of boots The ribbon worm expels a string of sticky webbing.
The stream of webbing hits you but does no damage.
You are caught in a web!
There is a web here.
The web tears apart.
The ribbon worm expels a string of sticky webbing.
The stream of webbing misses you. The ribbon worm bites you.
The ribbon worm attacks as it pursues you!
The ribbon worm bites you!
Ouch! That really hurt!
* * * LOW HITPOINT WARNING * * *
The ribbon worm attacks as it pursues you!
The ribbon worm bites you.
You die...

...... ......#... #! #...#
.....#... #.. #...#
..÷.#..B ...
#...#######..##..!
#.##..........#÷# #.
#.............#.####.
#...........(†.....
##########..........###..##
#........w@.........####...
#.......................###
#..........##...........# #
#..........#######......#
############ #......#
#......# #......# #†.....#
########......#


You could see a ribbon worm.

Vanquished Creatures
  4 bats
  2 endoplasms
  2 giant cockroaches (D:2)
  5 hobgoblins
  4 jackals (D:2)
  A quokka (D:2)
  2 kobolds (D:2)
  2 rats
22 creatures vanquished.

Notes
Turn   | Place    | Note
-------+----------+-------------------------------------------
     0 | D:1      | Arctor the Deep Elf Air Elementalist began the quest for
                  | the Orb.
     0 | D:1      | Reached XP level 1. HP: 10/10 MP: 6/6
   432 | D:1      | Reached XP level 2. HP: 15/15 MP: 4/8
  1197 | D:2      | Slain by a ribbon worm

Illustrated notes

Levels and vault maps discovered:
D:1:      eino_arrival_cavern_b, layout_loops_ring, minmay_misc_feat_roman
D:2:      layout_basic, serial_shops, nicolae_shop_trees,
          kennysheep_another_room

Action                     || total
---------------------------++-------
  Melee: Unarmed           ||    24
   Cast: Shock             ||    48
 Armour: Robe              ||    32
  Dodge: Dodged            ||    37
